 Dungeon Crawl Stone Soup version 0.23.2-33-g5129a83184 (webtiles) character file.

Game seed: 14061791587169754375

109 H0rd4k the Charlatan (level 5, -1/37 HPs)
             Began as a Human Artificer on Aug 5, 2019.
             Killed by nerve-wracking pain
             ... invoked by Menkaure
              (14 damage)
             ... on level 4 of the Dungeon.
             The game lasted 00:03:11 (2440 turns).

H0rd4k the Charlatan (Human Artificer)              Turns: 2440, Time: 00:03:11

Health: -1/37      AC:  4    Str: 13    XL:     5   Next: 13%
Magic:  7/7        EV: 12    Int: 11    God:
Gold:   63         SH:  0    Dex: 14    Spells: 4/4 levels left

rFire    . . .     SeeInvis .   a - +0 short sword
rCold    . . .     Gourm    .   (no shield)
rNeg     . . .     Faith    .   b - +0 leather armour
rPois    .         Spirit   .   (no helmet)
rElec    .         Reflect  .   i - +0 cloak
rCorr    .         Harm     .   (no gloves)
MR       .....                  (no boots)
Stlth    ++........             (no amulet)
HPRegen  0.12/turn              (no ring)
MPRegen  0.10/turn              (no ring)

@: no status effects
A: no striking features
a: no special abilities


You were on level 4 of the Dungeon.
You were not hungry.

You visited 1 branch of the dungeon, and saw 4 of its levels.

You collected 63 gold pieces.

Inventory:

Hand Weapons
 a - a +0 short sword (weapon)
Armour
 b - a +0 leather armour (worn)
 i - a +0 cloak (worn)
Wands
 c - a wand of flame (15)
 d - a wand of enslavement (11)
 e - a wand of random effects (4)
Scrolls
 l - a scroll of enchant armour {unknown}
 m - a scroll of remove curse
 n - a scroll of teleportation
 o - a scroll of immolation {unknown}
Potions
 g - a potion of haste
 h - 3 potions of brilliance {unknown}
 j - a potion of agility {unknown}
 k - a potion of curing {unknown}
 p - 2 potions of might {unknown}
Comestibles
 f - 3 rations


   Skills:
 + Level 1.2 Fighting
 + Level 2.6 Short Blades
 + Level 1.7 Armour
 + Level 2.5 Dodging
 + Level 1.2 Stealth
 + Level 3.6 Evocations


You had 4 spell levels left.
You didn't know any spells.
Your spell library was empty.

Dungeon Overview and Level Annotations

Branches:
Dungeon (4/15)
 Temple: D:4-7

Altars:

Annotations:
D:4 Menkaure


Message History

Orders for allies: a - Attack new target. r - Retreat! s - Stop attacking. g - Guard the area. f - Follow me.
Anything else - Cancel.
Gang up on whom?
Press: ? - help, Dir - move target cursor, f - Menkaure
Aim: Menkaure (heavily damaged) Attack!
Your hound completely misses Menkaure.
Your hound bites Menkaure.
Your hound bites Menkaure but does no damage.
You hear a shout!
Evoke which item? (* to show all) (? for menu, Esc to quit)
Aiming: Random Effects
Press: ? - help, Shift-Dir - straight line, f/p - Menkaure
Aim: Menkaure (severely damaged)
The bolt of poison hits Menkaure.
Menkaure completely resists.
Menkaure is severely damaged.
Menkaure points at you and mumbles some strange words.
Pain shoots through your body!
You die...

...........##.#
..............#
..
............###
#..
............#
#..
..........hM#
#.#
..#######'#.#
#.# ## #.#.#
#.# #.#M#####.#
#.#.....@.#
#.#######.# #.#
#.# #########.#
#.. #<........#
####
###########


You could see Menkaure.

Vanquished Creatures
  An orc wizard (D:3)
  An adder (D:3)
  2 dart slugs (D:1)
  2 leopard geckos
  9 orcs (D:3)
  4 giant cockroaches
  4 goblins (D:1)
  8 hobgoblins
  8 kobolds
  A quokka (D:3)
  4 bats
  A frilled lizard (D:1)
  7 rats
52 creatures vanquished.

Vanquished Creatures (collateral kills)
  A kobold (D:2)
  A leopard gecko skeleton (D:4)
  A rat (D:2)
3 creatures vanquished.

Vanquished Creatures (others)
  A hound (D:4)
1 creature vanquished.

Grand Total: 56 creatures vanquished

Notes
Turn   | Place    | Note
-------+----------+-------------------------------------------
     0 | D:1      | H0rd4k the Human Artificer began the quest for the Orb.
     0 | D:1      | Reached XP level 1. HP: 15/15 MP: 3/3
   226 | D:1      | Reached XP level 2. HP: 7/21 MP: 4/4
   695 | D:1      | Reached XP level 3. HP: 25/26 MP: 5/5
   753 | D:1      | Reached skill level 1 in Armour
  1604 | D:3      | Reached XP level 4. HP: 13/32 MP: 6/6
  2248 | D:3      | Reached XP level 5. HP: 30/37 MP: 7/7
  2406 | D:4      | Noticed Menkaure
  2440 | D:4      | Killed from afar by Menkaure

Skill      XL: |  1  2  3  4 |
---------------+-------------+-----
Armour         | 1 |  1.7
Short Blades   | 2 |  2.6
Fighting       | |  1.2
Dodging        | |  2.5
Stealth        | |  1.2
Evocations     | |  3.6

Action                   |  1- 3 |  4- 6 || total
-------------------------+-------+-------++-------
Melee: Short sword       |   154 |    60 ||   214
Evoke: Wand              |     2 |    13 ||    15
  Use: Scroll            |     2 |       ||     2
 Stab: Confused          |       |     1 ||     1
       Sleeping          |       |     1 ||     1
  Eat: Chunk             |     1 |     4 ||     5
Armor: Leather armour    |    41 |    19 ||    60
Dodge: Dodged            |    96 |    37 ||   133
